 Dungeon Crawl Stone Soup version 0.29-a0-872-g797fff5ad1 (webtiles) character file.

Game seed: 7512208310660419903

921 RevDB the Basher (level 7, -5/63 HPs)
             Began as a Minotaur Fighter on July 18, 2022.
             Was a Follower of Okawaru.
             Slain by an ice beast (12 damage)
             ... on level 5 of the Dungeon.
             The game lasted 00:25:16 (4648 turns).

RevDB the Basher (Minotaur Fighter)                 Turns: 4648, Time: 00:25:17

Health: -5/63      AC:  8    Str: 23    XL:     7   Next: 84%
Magic:  4/6        EV: 12    Int:  5    God:    Okawaru [*.....]
Gold:   254        SH:  6    Dex: 15    Spells: 6/6 levels left

rFire   . . .      SeeInvis .   B - +0 mace
rCold   . . .      Faith    +   c - +0 buckler
rNeg    . . .      Spirit   .   b - +0 scale mail
rPois   .          Reflect  .   (helmet restricted)
rElec   .          Harm     .   (no cloak)
rCorr   .          Rampage  .   (no gloves)
Will    +....                   (no boots)
Stlth   ++........              v - amulet of faith
HPRegen 0.20/turn               s - +6 ring of dexterity
MPRegen 0.10/turn               E - ring of willpower

@: heroic
A: horns 2, retaliatory headbutt
a: Renounce Religion, Heroism


You were on level 5 of the Dungeon.
You worshipped Okawaru.
Okawaru was aware of your devotion.
You visited 2 branches of the dungeon, and saw 6 of its levels.

You collected 254 gold pieces.

Inventory:

Hand Weapons
 a - a +0 flail
 B - a +0 mace (weapon)
Missiles
 o - 5 javelins
 p - 36 stones
 x - 5 boomerangs (quivered)
 C - 5 poisoned darts
Armour
 b - a +0 scale mail (worn)
 c - a +0 buckler (worn)
 A - a +1 leather armour of willpower
Jewellery
 s - a +6 ring of dexterity (left hand)
 v - an amulet of faith (around neck)
 E - a ring of willpower (right hand)
Wands
 y - a wand of digging (8)
Scrolls
 e - 5 scrolls of identify {unknown}
 f - a scroll of amnesia {unknown}
 g - 2 scrolls of teleportation {unknown}
 h - a scroll of noise {unknown}
 k - a scroll of fog {unknown}
 m - 2 scrolls of vulnerability {unknown}
 n - 4 scrolls of torment {unknown}
 r - a scroll of blinking {unknown}
 u - 2 scrolls of enchant armour {unknown}
 w - a scroll of summoning {unknown}
 z - 2 scrolls of magic mapping {unknown}
 D - a scroll of fear {unknown}
Potions
 d - a potion of might
 i - a potion of heal wounds
 j - a potion of haste {unknown}
 l - 2 potions of curing
 q - a potion of magic {unknown}
 t - 2 potions of lignification {unknown}
 F - a potion of degeneration {unknown}


   Skills:
 - Level 6.0(11.0) Fighting
 + Level 8.9(13.9) Maces & Flails
 - Level 3.0(8.0) Throwing
 - Level 4.0(9.0) Armour
 - Level 3.8(8.8) Shields


You had 6 spell levels left.
You didn't know any spells.
Your spell library contained the following spells:

 Spells                   Type           Power      Damage    Failure   Level
 Foxfire                  Conj/Fire      0%         2x1d4     82%         1
 Shock                    Conj/Air       0%         1d3       82%         1
 Conjure Flame            Conj/Fire      0%         6-21      99%         3
 Inner Flame              Hex/Fire       0%         N/A       99%         3
 Swiftness                Air            0%         N/A       99%         3
 Airstrike                Air            0%         0-1+      100%        4
 Flame Wave               Conj/Fire      0%         2d4       100%        4


Dungeon Overview and Level Annotations

Branches:
Dungeon (5/15)             Temple (1/1) D:5

Altars:
Elyvilon
Fedhas
Kikubaaqudgha
Okawaru
Qazlal
Ru
Uskayaw
Zin

Shops:
D:5 (


Innate Abilities, Weirdness & Mutations

You have a pair of horns on your head.
You reflexively headbutt those who attack you in melee.


Message History

You hit the phantom but do no damage.
The phantom is severely damaged.
The phantom hits you.
The phantom blinks!
You blink.
You miss the phantom.
The phantom is severely damaged.
The phantom hits you but does no damage.
You barely miss the phantom. You headbutt the phantom!
The phantom is almost destroyed.
The phantom hits you.
The phantom blinks!
You blink.
You sock the phantom!
You destroy the phantom!
Okawaru accepts your kill.
You can now gain great but temporary skills.
You open the door.
There is an open door here.
As you open the door, it creaks loudly!
There is an open door here.
An ice beast comes into view.
You hit the ice beast but do no damage. You block the ice beast's attack.
You completely miss the ice beast. The ice beast hits you.
The ice beast freezes you.
You sock the ice beast!
The ice beast is moderately wounded.
The ice beast hits you but does no damage.
You thump the ice beast!
You headbutt the ice beast, but do no damage.
The ice beast is heavily wounded.
The ice beast hits you. The ice beast freezes you!
You hit the ice beast but do no damage.
The ice beast is heavily wounded.
The ice beast hits you. The ice beast freezes you!
You hit the ice beast but do no damage. Your headbutt misses the ice beast.
The ice beast is heavily wounded.
The ice beast hits you. The ice beast freezes you!
* * * LOW HITPOINT WARNING * * *
You gain the combat prowess of a mighty hero.
The ice beast hits you.
* * * LOW HITPOINT WARNING * * *
The ice beast freezes you!
You die...

#.......$♣...♣...
#.....♣....≈....♣...§§
#........♣...♣.....♣§§
#....≈.≈.......≈.≈..§.
###.........§.≈.......§.
......♣...♣.....♣...♣§§§
........≈....♣....≈.§..♣
.....#.§..♣.....♣...♣...
.....#..#...≈.≈.@Y....≈.
##'###.####.....####+...
....'........#........#
....#........#........#
#######################


You could see an ice beast.

Vanquished Creatures
  Grinder (D:3)
  The ghost of audacious124 the Conjurer, an amateur DECj (D:4)
  A phantom (D:5)
  Blork the orc (D:4)
  A scorpion (D:5)
  A jelly (D:5)
  A hound (D:5)
  An orc priest (D:5)
  An iguana (D:5)
  2 orc wizards (D:5)
  4 gnolls (D:3)
  6 adders
  An ufetubus (D:4)
  2 worms
  3 dart slugs
  8 orcs
  7 bats
  8 endoplasms
  3 giant cockroaches
  9 goblins
  11 hobgoblins
  3 jackals (D:1)
  6 kobolds
  3 quokkas
  6 ball pythons
  3 frilled lizards
  2 rats (D:3)
  2 toadstools (D:1)
98 creatures vanquished.

Vanquished Creatures (others)
  A plant (D:1)
  2 toadstools (D:1)
3 creatures vanquished.

Grand Total: 101 creatures vanquished

Notes
Turn   | Place    | Note
-------+----------+-------------------------------------------
     0 | D:1      | RevDB the Minotaur Fighter began the quest for the Orb.
     0 | D:1      | Reached XP level 1. HP: 19/19 MP: 0/0
    88 | D:1      | Reached XP level 2. HP: 19/27 MP: 1/1
   149 | D:1      | You fall into a shaft and drop 1 floor!
   286 | D:1      | Reached skill level 3 in Maces & Flails
   513 | D:1      | Reached XP level 3. HP: 33/33 MP: 2/2
   744 | D:1      | Found a faded altar of an unknown god.
  1319 | D:2      | Reached skill level 4 in Maces & Flails
  1588 | D:3      | Reached skill level 1 in Throwing
  1639 | D:3      | Reached XP level 4. HP: 27/40 MP: 3/3
  1923 | D:3      | Reached skill level 5 in Maces & Flails
  2201 | D:3      | Noticed Grinder
  2460 | D:3      | Killed Grinder
  2461 | D:3      | Reached skill level 6 in Maces & Flails
  2461 | D:3      | Reached skill level 7 in Maces & Flails
  2461 | D:3      | Reached XP level 5. HP: 9/46 MP: 4/4
  2461 | D:3      | Reached XP level 6. HP: 11/52 MP: 5/5
  3088 | D:4      | Found a runed translucent door.
  3091 | D:4      | Noticed audacious124's ghost (amateur DECj)
  3103 | D:4      | Killed audacious124's ghost
  3104 | D:4      | Reached skill level 5 in Fighting
  3499 | D:4      | Reached XP level 7. HP: 59/61 MP: 6/6
  3518 | D:4      | Noticed Blork the orc
  3528 | D:4      | Killed Blork the orc
  3963 | D:5      | Entered Level 5 of the Dungeon
  3974 | D:5      | Found a staircase to the Ecumenical Temple.
  3982 | Temple   | Entered the Ecumenical Temple
  3998 | Temple   | Became a worshipper of Warmaster Okawaru
  4088 | D:5      | Reached skill level 8 in Maces & Flails
  4467 | D:5      | Found Kush's Weapon Emporium.
  4602 | D:5      | Reached * piety under Okawaru
  4648 | D:5      | Slain by an ice beast

Illustrated notes

Levels and vault maps discovered:
D:1:      ldierk_water_garden, layout_basic,
          shapermc_ecumenical_altar_mp_urbaneastern, hangedman_decor_push,
          skrybe_limestone_x, serial_bayou_lagoon_b
D:2:      layout_loops_cross, bh_walls_and_bars
D:3:      cheibrodos_greedy_goblins, layout_rooms, minmay_crystal_room,
          minmay_strange_pillars, kennysheep_generic_room_2, uniq_grinder
D:4:      layout_loops_ring, ebering_ghost_reflecting_pool, kennysheep_doodads,
          uniq_blork_the_orc
D:5:      layout_gridville, mainiacjoe_overflow_tiny_flanked,
          minmay_temple_entry_statues_fountains, serial_shops, shop,
          nicolae_kite_square_tiling_tiny
Temple:   nicolae_temple_bog_church

Skill      XL: |  1  2  3  4  5  6  7 |
---------------+----------------------+-----
Fighting       | 4 5 6 |  6.0
Maces & Flails | 3 4 7 8 |  8.9
Throwing       | 1 2 3 |  3.0
Armour         | 4 |  4.0
Shields        | |  3.8

Action                   |  1- 3 |  4- 6 |  7- 9 || total
-------------------------+-------+-------+-------++-------
Melee: Flail             |    93 |    75 |       ||   168
       Headbutt          |    11 |    15 |    12 ||    38
       Mace              |       |    11 |    79 ||    90
Throw: Javelin           |       |     4 |       ||     4
Invok: Heroism           |       |       |     1 ||     1
Armor: Scale mail        |    49 |    20 |    30 ||    99
Dodge: Dodged            |    43 |    33 |    20 ||    96
Block: Buckler           |    17 |    17 |     8 ||    42

Table legend: (Time is in decaauts)
 A = Elapsed time spent in this place.
 B = Non-inter-level travel time spent in this place.
 C = Inter-level travel time spent in this place.
 D = Time resting spent in this place.
 E = Time spent auto-exploring this place.
 F = Levels seen in this place.
 G = Mean time per level.
                   A        B        C        D        E       F      G
               +--------+--------+--------+--------+--------+-----+--------+
         Total |   4703 |   4476 |    227 |   1191 |   1065 |   6 |  783.8 |
       Dungeon |   4667 |   4440 |    227 |   1191 |   1065 |   5 |  933.4 |
        Temple |     35 |     35 |      0 |      0 |      0 |   1 |   35.0 |
               +--------+--------+--------+--------+--------+-----+--------+

Top non-repeatable levels by time:
     D:3: 1340 daAuts
     D:4: 1058 daAuts
     D:1: 902 daAuts
     D:2: 712 daAuts
     D:5: 654 daAuts
  Temple: 35 daAuts
